Arrhythmia, chaotic female vampiric Convict ---- |..-- ---- ---- ---- |...| --..| |..| --..| ----...----- --- |...----.*| |...--- |..........| |.----- |....||...| --....--- |..........------------ |.....-----..--.|*| --.....-- --..........||........| ----|-..............|.--- |....... ----......---..-----.----- |..||......--.--..---...| --...... ---..---|....| |...|.---..--.^|....#--...|..--.--- |.....- |.-----.---- |..............---. --...--..--...| --....-- |%--|.))| -----.......--...| #|..........--.--- --...(| |...|.--- --...|..----.---................| -----....| ---.|.| |...|...| |...-|....--.......>@--. --..|.*..-- |...| ---.----..| ---..|..-.||..|....._@.| .--.---........-- |-..---- |...| |..| |..|.|..| -...----.--- -%......<.......| |......| --.--- ---- ---|.--.|........| |...| --.............-- ----......--# |..| |..........|...#....----.............-- |........... |.-- |.^........|.- .-.....................| |..........| .-. --..---.-.-. ##|........%........--..-- ---.-----.-- 0#####..- -----.--[-.|.--..------ --- --- --- --------- Arrhythmia the Jail-bird Experience level: 7 Strength: 17 Dexterity: 11 Constitution: 17 Intelligence: 13 Wisdom: 9 Charisma: 9 Health: 0(55) Energy: 39(39) AC: 8 Gold: 470 Moves: 2167 Your Inventory: Coins $ - 470 gold pieces Weapons i - an [uncursed +0] dagger j - an [uncursed +4] runed dagger [elven] (weapon in hand) Armor b - an uncursed +0 striped shirt o - an [uncursed] +0 pair of hard shoes [iron] (being worn) p - a cursed +0 hooded cloak [dwarvish] (being worn) Potions e - an [uncursed] pink potion [of extra healing] f - an [uncursed] milky potion [of enlightenment] w - an [uncursed] indigo potion [of healing] Rings s - a [blessed +1] ridged ring [of gain strength] t - a [cursed -1] topaz ring [of gain dexterity] Tools q - an [uncursed +0] pick-axe v - an [uncursed +0] pick-axe x - an [uncursed tallow] candle Gems l - an [uncursed] orange gem [worthless glass] r - 2 [uncursed] yellowish brown gems [amber] u - an [uncursed] blue gem [worthless glass] Iron balls c - an [uncursed] heavy iron ball (chained to you) Spells known in the end: Name Level Category Fail Memory Your skills at the end: Fighting Skills Weapon Skills sling [Basic / Skilled] Spellcasting Skills Final Attributes: You were piously aligned. Hunger level was 325. Your alignment was 20 / 20. Monster difficulty range was 0 - 5. Level difficulty was 4. You were immune to poison. You were immune to level-drain. You were immune to sickness. You were punished. You could fly. You could survive without air. You regenerated. Your luck was zero. You are dead. Vanquished creatures: 5 gnome lords a gnomish wizard 6 dwarves a hill orc a rothe 2 giant bats a coyote 2 cave spiders a brown mold a green mold 20 gnomes a gecko 6 jackals a fox a goblin 4 sewer rats a grid bug 55 creatures vanquished. Voluntary challenges: You went without food. You used a wielded weapon 42 times. You read items or engraved 80 times. You put on armor 6 times. You never genocided any monsters. You never polymorphed an object. You never changed form. You used no wishes. You wrote Elbereth's name 55 times. You never encountered a bones level. You never used any Sokoban shortcuts. Dungeon overview: The Dungeons of Doom: levels 1 to 2 Level 1 a long staircase Level 2 an altar to Tymora, a fountain stairs to The Gnomish Mines The Gnomish Mines: levels 3 to 5 Level 3 stairs to The Dungeons of Doom Level 4 <- You were here Level 5 some fountains History has recorded: On T:1 you entered the Dungeons of Doom to retrieve the Amulet of Yendor! On T:647 you reached level 2 of The Dungeons of Doom. On T:923 you reached level 1 of The Gnomish Mines. On T:929 you advanced to experience level 2. On T:938 you advanced to experience level 3. On T:1004 you advanced to experience level 4. On T:1030 you advanced to experience level 5. On T:1271 you advanced to experience level 6. On T:1506 you reached level 2 of The Gnomish Mines. On T:2054 you reached level 3 of The Gnomish Mines. On T:2110 you advanced to experience level 7. Latest messages: You add "Elbereth" with your fingers to the scrawl on the floor. [HP+1=54] You add "Elbereth" with your fingers to the scrawl on the floor. [HP+1=55] You fly down along the stairs. With great effort you climb the stairs. You see a message scrawled in blood here. You read: "ElbWrethElberethElberethEl@erethElberethElberethElberethETberethElberethElberethElberethElberethElberethElberEthElberethElberethElberethElberetnElberetjElberethElberethElberethElbereth/lberet!ElberethElberethElberethElberefhEtberet". The watch captain swings her silver saber. The silver sears your flesh! The watch captain hits! The watch captain swings her silver saber. The silver sears your flesh! The watch captain hits! [HP-25=30] [HP+1=31] The watch captain swings her silver saber. The silver sears your flesh! The watch captain hits! The watch captain swings her silver saber. The silver sears your flesh! The watch captain hits! You die... Final status: Goodbye Arrhythmia the Convict... You died in The Gnomish Mines on dungeon level 4 with 1839 points, and 470 pieces of gold, after 2167 moves. You were level 7 with a maximum of 55 hit points when you died.